 Dungeon Crawl Stone Soup version 0.28.0-43-g3370ac3207 (webtiles) character file.

Game seed: 17636669735690626595

224 croobank the Shield-Bearer (level 6, 0/49 HPs)
             Began as a Formicid Fighter on Mar 7, 2022.
             Killed by divine providence
             ... invoked by an orc priest
              (11 damage)
             ... on level 3 of the Dungeon.
             The game lasted 00:08:41 (2318 turns).

croobank the Shield-Bearer (Formicid Fighter)       Turns: 2318, Time: 00:08:42

Health: 0/49       AC: 13    Str: 23    XL:     6   Next: 20%
Magic:  6/6        EV: 10    Int:  7    God:
Gold:   115        SH:  0    Dex: 10    Spells: 5/5 levels left

rFire   . . .      SeeInvis +   a - +1 war axe
rCold   . . .      Faith    .   c - +0 buckler
rNeg    . . .      Spirit   .   o - +5 ring mail
rPois   .          Reflect  .   (helmet unavailable)
rElec   .          Harm     .   (no cloak)
rCorr   .          Rampage  .   (no gloves)
Will    .....                   e - +1 pair of boots
Stlth   ..........              (no amulet)
HPRegen 0.16/turn               (no ring)
MPRegen 0.10/turn               (no ring)

@: confused, mighty
A: permanent stasis, dig shafts and tunnels, antennae 3, four strong arms
a: Dig, Shaft Self


You were on level 3 of the Dungeon.
You visited 1 branch of the dungeon, and saw 3 of its levels.

You collected 115 gold pieces.

Inventory:

Hand Weapons
 a - a +1 war axe (weapon)
Missiles
 f - 149 stones
 i - 21 arrows
 m - 27 bolts
Armour
 b - a +0 scale mail
 c - a +0 buckler (worn)
 e - a +1 pair of boots (worn)
 o - a +5 ring mail (worn)
Potions
 d - a potion of might
 g - a potion of curing {unknown}
 h - a potion of lignification {unknown}
 n - 2 potions of heal wounds {unknown}


   Skills:
 + Level 4.5 Fighting
 + Level 3.4 Axes
 + Level 4.5 Armour
 + Level 5.0 Shields


You had 5 spell levels left.
You didn't know any spells.
Your spell library contained the following spells:

 Spells                   Type           Power      Damage    Failure   Level
 Beastly Appendage        Tmut           0%         N/A       65%         1
 Shock                    Conj/Air       0%         1d3       65%         1
 Slow                     Hex            0%         N/A       65%         1
 Summon Small Mammal      Summ           0%         N/A       65%         1
 Confusing Touch          Hex            0%         N/A       95%         3
 Vampiric Draining        Necr           0%         2d6       95%         3


Dungeon Overview and Level Annotations

Branches:
Dungeon (3/15)

Altars:
Sif Muna

Shops:
D:2 (

Annotations:
D:3 1 transporter


Innate Abilities, Weirdness & Mutations

You cannot be hasted, slowed, berserked, paralysed or teleported.
You can dig through walls and to a lower floor.
You have a pair of large antennae on your head. (SInv)
Your four strong arms can wield two-handed weapons with a shield.


Message History

The orc wizard is lightly wounded.
The orc wizard hits you with a +0 dagger.
You slash the orc wizard!
The orc wizard is severely wounded.
The orc wizard casts a spell at you. You resist with some effort.
The orc wizard barely misses you.
You hit the orc wizard but do no damage.
The orc wizard is severely wounded.
The orc wizard points at you and mumbles some strange words.
The puff of flame misses you.
The orc priest looks satisfied for a moment.
You miss the orc wizard.
The orc wizard is severely wounded.
The orc wizard hits you but does no damage.
You hit the orc wizard.
The orc wizard is severely wounded.
The orc wizard hits you but does no damage.
The orc wizard barely misses you.
You hit the orc wizard.
The orc wizard is almost dead.
The orc priest mumbles some strange prayers to Beogh against you.
Beogh smites you!
* * * LOW HITPOINT WARNING * * *
The orc wizard points at you and mumbles some strange words.
You are confused.
You feel very mighty all of a sudden. The orc wizard barely misses you.
You barely miss the orc wizard.
The orc wizard is almost dead.
The orc wizard hits you but does no damage.
The orc wizard points at you and mumbles some strange words.
The puff of flame hits you.
* * * LOW HITPOINT WARNING * * *
You slice the orc wizard!!
You kill the orc wizard!
Your Shields skill increases to level 5!
You bump into the rock wall.
The orc hits you but does no damage.
The orc priest calls down the wrath of Beogh upon you.
Beogh smites you!
You die...

# # ### # #.. # #.. #
..#.##.#####################
.......))oo@................
#.#.#..######...############
..... #....©....# # #......
#.#######.# # .<..#..
#.#8.©.8#.# ....#..
#.#P.).P#.# ... #..
#.###+###.# .. ...
#.#S...≈#.# #.#≈...≈#.#


You could see an orc priest and an orc.

Vanquished Creatures
  An orc wizard (D:3)
  Natasha (thrice) (D:2)
  A gnoll (D:1)
  5 adders
  A worm (D:2)
  2 dart slugs (D:2)
  2 orcs (D:3)
  2 ball pythons (D:1)
  4 endoplasms
  3 giant cockroaches
  4 goblins
  6 hobgoblins
  4 kobolds
  3 quokkas
  6 bats
  25 rats
72 creatures vanquished.

Vanquished Creatures (others)
  2 plants (D:1)
2 creatures vanquished.

Grand Total: 74 creatures vanquished

Notes
Turn   | Place    | Note
-------+----------+-------------------------------------------
     0 | D:1      | croobank the Formicid Fighter began the quest for the Orb.
     0 | D:1      | Reached XP level 1. HP: 18/18 MP: 1/1
   110 | D:1      | Reached XP level 2. HP: 13/24 MP: 2/2
   398 | D:1      | Reached skill level 4 in Shields
   398 | D:1      | Reached XP level 3. HP: 26/29 MP: 3/3
   699 | D:2      | Found a faded altar of an unknown god.
   848 | D:2      | Reached XP level 4. HP: 30/37 MP: 4/4
  1059 | D:2      | Found Naojig's Antique Weapon Emporium.
  1066 | D:2      | Noticed Natasha
  1072 | D:2      | Killed Natasha
  1073 | D:2      | Reached XP level 5. HP: 34/42 MP: 5/5
  1227 | D:2      | Noticed Natasha
  1244 | D:2      | Killed Natasha
  1476 | D:2      | Noticed Natasha
  1485 | D:2      | Killed Natasha
  2097 | D:3      | Found a shimmering blue altar of Sif Muna.
  2107 | D:3      | Got Sif Muna's Disquisition on Transformation
  2109 | D:3      | Got Sif Muna's Incunabulum of the Birds
  2111 | D:3      | Got Sif Muna's Grimoire of Creation
  2276 | D:3      | Found a transporter.
  2293 | D:3      | Reached XP level 6. HP: 41/48 MP: 6/6
  2318 | D:3      | Reached skill level 5 in Shields
  2318 | D:3      | Killed from afar by an orc priest

Illustrated notes

Levels and vault maps discovered:
D:1:      giann_bridges, layout_rooms
D:2:      layout_loops_ring, serial_shops, nicolae_shop_window_shopping,
          chequers_ecumenical_altar_simple, minmay_rat_hole, uniq_natasha
D:3:      gammafunk_steamed_eel, layout_basic, nicolae_sif_muna_little_library,
          serial_shops, nicolae_shop_hallway_stairs

Skill      XL: |  1  2  3  4  5  6 |
---------------+-------------------+-----
Shields        | 4 5 |  5.0
Fighting       | 4 |  4.5
Armour         | 4 |  4.5
Axes           | 3 |  3.4

Action                   |  1- 3 |  4- 6 || total
-------------------------+-------+-------++-------
Melee: War axe           |   115 |   134 ||   249
 Abil: Dig               |       |     2 ||     2
  Use: Scroll            |     1 |     7 ||     8
       Potion            |       |     1 ||     1
Armor: Scale mail        |    60 |    42 ||   102
       Ring mail         |       |    16 ||    16
Dodge: Dodged            |    72 |    65 ||   137
Block: Buckler           |    25 |    33 ||    58
